 Dungeon Crawl Stone Soup version 0.22-a0-117-g314b907 (webtiles) character file.

270 ClockworkOrrery the Skirmisher (level 6, -2/40 HPs)
             Began as a Gargoyle Fighter on Jan 29, 2018.
             Was an Initiate of Ashenzari.
             Killed by divine providence
             ... invoked by an orc priest
              (10 damage)
             ... on level 5 of the Dungeon.
             The game lasted 00:11:24 (3186 turns).

ClockworkOrrery the Skirmisher (Gargoyle Fighter)   Turns: 3186, Time: 00:11:25

Health: -2/40      AC: 11    Str: 20    XL:     6   Next: 22%
Magic:  6/6        EV:  8    Int: 10    God:    Ashenzari [......]
Gold:   6          SH:  9    Dex: 12    Spells: 5/5 levels left

rFire    . . .     SeeInvis .   a - +0 flail
rCold    . . .     Gourm    .   c - +0 shield
rNeg     + . .     Faith    .   b - +0 scale mail
rPois    ∞         Spirit   .   (helmet restricted)
rElec    +         Reflect  .   w - -2 cloak (curse)
rCorr    .         Harm     .   (no gloves)
MR       .....                  u - +0 pair of boots (curse)
Stlth    ..........             (no amulet)
HPRegen  0.13/turn              j - +3 ring of dexterity
MPRegen  0.10/turn              (no ring)

@: no status effects
A: antennae 1, negative energy resistance 1, electricity resistance, wild magic
1, unbreathing, petrification resistance, rot immunity, AC +4
a: Curse Item, Renounce Religion


You were on level 5 of the Dungeon.
You worshipped Ashenzari.
Ashenzari was noncommittal.
You were not hungry.

You visited 2 branches of the dungeon, and saw 6 of its levels.

You collected 196 gold pieces.
You spent 190 gold pieces at shops.

Inventory:

Hand Weapons
 a - a +0 flail (weapon)
Armour
 b - a +0 scale mail (worn)
 c - a +0 shield (worn)
 u - a cursed +0 pair of boots (worn)
 w - a cursed -2 cloak (worn)
Jewellery
 j - a +3 ring of dexterity (left hand)
Scrolls
 e - 4 scrolls of remove curse
 i - a scroll of noise {unknown}
 l - a scroll of amnesia {unknown}
 n - 3 scrolls of identify {unknown}
 p - a scroll of fog {unknown}
 q - 2 scrolls of teleportation {unknown}
 s - a scroll of enchant weapon {unknown}
 t - 2 scrolls of enchant armour {unknown}
 z - 2 scrolls of magic mapping {unknown}
 B - 2 scrolls of fear {unknown}
Potions
 d - a potion of might
 g - 2 potions of degeneration {unknown}
 h - a potion of magic {unknown}
 k - a potion of heal wounds {unknown}
 m - a potion of brilliance {unknown}
 o - 2 potions of agility {unknown}
 r - 2 potions of curing {unknown}
 v - a potion of berserk rage {unknown}
 A - a potion of lignification {unknown}
Books
 x - a book of Summonings

   Spells                             Type                      Level
   a - Recall                         Summoning/Translocation      3
   b - Aura of Abjuration             Summoning                    5
   c - Summon Demon                   Summoning                    5
   d - Summon Forest                  Summoning/Translocation      5
   e - Summon Mana Viper              Hexes/Summoning              5
   f - Shadow Creatures               Summoning                    6
Comestibles
 f - 6 rations
 C - a chunk of flesh


   Skills:
 * Level 4.9 Fighting
 * Level 3.7 Maces & Flails
 + Level 4.1 Armour
 + Level 1.4 Dodging
 + Level 4.1 Shields


You had 5 spell levels left.
You didn't know any spells.

Dungeon Overview and Level Annotations

Branches:
Dungeon (5/15)             Temple (1/1) D:4

Altars:
Ashenzari
Cheibriados
Dithmenos
Elyvilon
Fedhas
Gozag
Kikubaaqudgha
Makhleb
Okawaru
Qazlal
Sif Muna
Trog
Wu Jian
Xom
Zin
The Shining One

Shops:
D:4 !==[


Innate Abilities, Weirdness & Mutations

You are resistant to torment.
Your stone body is resilient. (AC +4)
You are immune to poison.
You resist negative energy. (rN+)
You are resistant to electric shocks. (rElec)
You can survive without breathing.
You are immune to petrification.
You are immune to rotting.
You have a pair of small antennae on your head.
Your spells are a little harder to cast, but a little more powerful.


Message History

An orc priest comes into view. It is wielding a club.
The orc priest shouts!
The orc priest mumbles some strange prayers to Beogh against you.
Beogh smites you!
You hear a shout!
A hound comes into view.
An orc comes into view. It is wielding a club.
The orc shouts!
The hound barks!
The orc priest invokes the aid of Beogh against you.
Beogh smites you!
You sock the orc priest!
The orc priest is heavily wounded.
The orc priest invokes the aid of Beogh against you.
Pain shoots through your body!
* * * LOW HITPOINT WARNING * * *
You hit the orc priest but do no damage.
The orc priest is heavily wounded.
The orc priest mumbles some strange prayers to Beogh against you.
Beogh smites you!
You die...

.#.##....#
#....
.....##..#
.....
.#.#.##..#
#.....
#<#.##..##.#..
#.............
###.###.##.###
#........#
##.......#
#@##.##....
#o##.# ..##
#h##.. ..
#.##### ..#
#o. #.# #.#


You could see a hound, an orc priest and an orc.

Vanquished Creatures
  The ghost of brknglss the Ruffian, a weakling DrTm (D:3)
  An orc priest (D:3)
  3 worker ants
  A hound skeleton (D:4)
  3 adders
  An ooze (D:3)
  4 worms
  4 dart slugs
  A leopard gecko (D:2)
  6 orcs
  A ball python (D:4)
  6 bats
  4 giant cockroaches
  5 hobgoblins
  4 frilled lizards
  8 goblins
  9 kobolds
  9 rats
71 creatures vanquished.

Notes
Turn   | Place    | Note
-------+----------+-------------------------------------------
     0 | D:1      | ClockworkOrrery the Gargoyle Fighter began the quest for the Orb.
     0 | D:1      | Reached XP level 1. HP: 14/14 MP: 1/1
   143 | D:1      | Reached XP level 2. HP: 19/19 MP: 2/2
   566 | D:1      | Reached XP level 3. HP: 24/24 MP: 3/3
   837 | D:2      | Found an iron altar of Okawaru.
   967 | D:2      | Reached XP level 4. HP: 29/29 MP: 4/4
  1304 | D:2      | Found a blossoming altar of Fedhas.
  1572 | D:3      | Reached skill level 1 in Dodging
  1655 | D:3      | Reached XP level 5. HP: 31/34 MP: 5/5
  1680 | D:3      | Found a stormy altar of Qazlal.
  1962 | D:3      | Found a white marble altar of Elyvilon.
  2116 | D:3      | Noticed brknglss's ghost (weakling DrTm)
  2139 | D:3      | Killed brknglss's ghost
  2292 | D:4      | Found Dies Jaduash's Antique Armour Boutique.
  2300 | D:4      | Bought a cloak for 94 gold pieces
  2332 | D:4      | Found a deep blue altar of Sif Muna.
  2367 | D:4      | Reached XP level 6. HP: 39/39 MP: 6/6
  2497 | D:4      | Found Nigemnasm's Distillery.
  2577 | D:4      | Bought a potion of mutation for 96 gold pieces
  2577 | D:4      | Gained mutation: Armour fits poorly on your strangely shaped body. [potion of mutation]
  2577 | D:4      | Gained mutation: You are dopey. (Int -2) [potion of mutation]
  2577 | D:4      | Gained mutation: Your spells are a little harder to cast, but a little more powerful. [potion of mutation]
  2578 | D:4      | Lost mutation: You are dopey. (Int -2) [potion of mutation]
  2578 | D:4      | Lost mutation: Armour fits poorly on your strangely shaped body. [potion of mutation]
  2578 | D:4      | Lost mutation: Your spells are a little harder to cast, but a little more powerful. [potion of mutation]
  2578 | D:4      | Gained mutation: You have a pair of small antennae on your head. [potion of mutation]
  2578 | D:4      | Gained mutation: Your spells are a little harder to cast, but a little more powerful. [potion of mutation]
  2621 | D:4      | Found Alui's Jewellery Emporium.
  2693 | D:4      | Found a staircase to the Ecumenical Temple.
  2726 | D:4      | Found Netapo's Jewellery Shop.
  2742 | D:5      | Entered Level 5 of the Dungeon
  2780 | Temple   | Entered the Ecumenical Temple
  2946 | Temple   | Became a worshipper of Ashenzari the Shackled
  3186 | D:5      | Killed from afar by an orc priest

Vault maps used:
D:1:      dpeg_arrival_pits, minmay_liquid_box
D:2:      okawaru_gym_becter, first_ration, fedhas_altar_4
D:3:      elyvilon_altar_3, overflow_temple_1_default, minmay_misc_feat_pillars,
          minmay_tree_intersection, minivault_27
D:4:      nicolae_overflow_crystal_walls, minmay_temple_entry_from_below_a,
          serial_shops, shop, kennysheep_mini, kennysheep_mini_moat,
          nicolae_shop_waterfront
D:5:      serial_shops, shop, uniq_crazy_yiuf_cottage
Temple:   minmay_temple_forest_path

Skill      XL: |  1  2  3  4  5 |
---------------+----------------+-----
Fighting       | 4 |  4.9
Maces & Flails | 3 |  3.7
Dodging        | 1 |  1.4
Armour         | 4 |  4.1
Shields        | 4 |  4.1

Action                   |  1- 3 |  4- 6 || total
-------------------------+-------+-------++-------
Melee: Flail             |   119 |   147 ||   266
  Use: Potion            |       |     2 ||     2
 Stab: Distracted        |       |     1 ||     1
  Eat: Chunk             |       |     6 ||     6
       Ration            |       |     1 ||     1
Armor: Scale mail        |    50 |    61 ||   111
Dodge: Dodged            |    29 |    52 ||    81
Block: Shield            |    53 |    70 ||   123

Table legend:
 A = Spawn XP
 B = Non-spawn XP
 C = Spawn XP percentage of total XP
 D = Spawn monster count
 E = Non-spawn monster count
 F = Spawn count percentage of total count
 G = Total turns spent on level
                    A         B        C        D         E        F      G
               +---------+---------+-------+---------+---------+-------+---------
         Total |       0 |     387 |   0.0 |       0 |      71 |   0.0 |  3186
               +---------+---------+-------+---------+---------+-------+---------
           D:1 |       0 |      38 |   0.0 |       0 |      22 |   0.0 |   720
           D:2 |       0 |      68 |   0.0 |       0 |      21 |   0.0 |   755
           D:3 |       0 |     159 |   0.0 |       0 |      21 |   0.0 |   798
           D:4 |       0 |      88 |   0.0 |       0 |       6 |   0.0 |   483
           D:5 |       0 |      34 |   0.0 |       0 |       1 |   0.0 |    49
               +---------+---------+-------+---------+---------+-------+---------
